 Dungeon Crawl Stone Soup version 0.31-a0-202-g547052bce9 (webtiles) character file.

Game seed: 4221186596750543680

940 qw the Skirmisher (level 7, -1/40 HPs)
             Began as a Deep Elf Hunter on June 26, 2023.
             Shot with an arrow by a centaur (5 damage)
             ... on level 6 of the Dungeon.
             The game lasted 00:02:03 (4107 turns).

qw the Skirmisher (Deep Elf Hunter)                 Turns: 4107, Time: 00:02:03

Health: -1/40      AC:  6    Str:  7 (10) XL:     7   Next: 88%
Magic:  0/9        EV: 10    Int: 14      God:
Gold:   98         SH:  0    Dex: 16 (18) Spells: 6/6 levels left

rFire   . . .        Y - +0 shortbow
rCold   . . .        (shield currently unavailable)
rNeg    . . .        k - +0 ring mail
rPois   .            (no helmet)
rElec   .            m - +0 cloak
rCorr   .            (no gloves)
SInv    .            (no boots)
Will    .....        n - amulet of guardian spirit
Stlth   +            d - +4 ring of slaying {mikee}
HPRegen 0.26/turn    (no ring)
MPRegen 0.11/turn

%: guardian spirit
@: about to teleport
A: no striking features
a: no special abilities


You were on level 6 of the Dungeon.
You visited 1 branch of the dungeon, and saw 6 of its levels.

You collected 271 gold pieces.
You spent 173 gold pieces at shops.


   Skills:
 - Level 2.8 Fighting
 - Level 11.9 Ranged Weapons
 - Level 1.5 Armour
 + Level 2.4 Dodging
 - Level 1.2 Stealth


You had 6 spell levels left.
You didn't know any spells.
Your spell library was empty.

Inventory:

Hand Weapons
 Y - a +0 shortbow (weapon)
Armour
 e - a scarf of harm
 k - a +0 ring mail (worn)
 m - a +0 cloak (worn)
 o - a +2 scale mail of positive energy
Jewellery
 d - a +4 ring of slaying (left hand) {mikee}
 f - a ring of ice
 n - an amulet of guardian spirit (around neck)
 p - an amulet of the acrobat
Scrolls
 c - a scroll of identify
 h - a scroll of teleportation
Potions
 a - a potion of enlightenment
 b - 5 potions of curing
 g - a potion of resistance
 i - 2 potions of haste
 j - a potion of cancellation
 l - a potion of mutation

Dungeon Overview and Level Annotations

Branches:
Dungeon (6/15)
 Temple: D:4-7

Altars:
Ashenzari
Gozag
Nemelex Xobeh
Vehumet
Yredelemnul

Shops:
D:1 [   D:2 !   D:5 **


Message History

You shoot an arrow. The arrow barely misses the sky beast.
The sky beast hits you but does no damage.
You shoot an arrow. The arrow hits the sky beast.
The sky beast is heavily wounded.
The sky beast hits you. The sky beast shocks you.
You shoot an arrow. The arrow hits the sky beast.
The sky beast is almost dead.
The sky beast hits you. The sky beast shocks you.
You shoot an arrow. The arrow misses the sky beast.
The sky beast flickers out of sight!
Deactivating autopickup; reactivate with Ctrl-A.
Something hits you but does no damage.
You shoot an arrow.
Reactivating autopickup.
You feel a bit more experienced.
You feel your dexterity returning.
You start resting.
Magic restored.
You start resting.
HP restored.
A centaur comes into view.
Enter note: You shoot an arrow.
The arrow hits the centaur.
The centaur is lightly wounded.
The centaur wields a +0 orcbow.
The centaur shoots an arrow.
The arrow hits you!
You shoot an arrow. The arrow hits the centaur!
The centaur is heavily wounded.
The centaur shoots an arrow.
The arrow hits you!
The centaur shoots an arrow.
The arrow hits you.
You shoot an arrow. The arrow barely misses the centaur.
The centaur shoots an arrow.
The arrow hits you!
You shoot an arrow. The arrow hits the centaur!
The centaur is almost dead.
The centaur shoots an arrow.
The arrow hits you.
The centaur shoots an arrow.
The arrow hits you!
4107 ||| READING 2 scrolls of teleportation.
As you read the scroll of teleportation, it crumbles to dust.
You feel strangely unstable.
The centaur shoots an arrow.
The arrow hits you.
You die...

#.# ##.....#
#.# ##...###
###'##.##
###...>...#
#.........#
#.#.......#
#.##.....##
#.###...## #@#
#####
#........c.....
######.########
.. ###


You could see a centaur.

Vanquished Creatures
  Duvessa (D:6)
  A black bear (D:5)
  A sky beast (D:6)
  An ogre (D:6)
  An ice beast (D:5)
  A kobold brigand (D:6)
  Dowan (D:6)
  2 howler monkeys
  A hound (D:6)
  A sleepcap (D:6)
  An iguana (D:5)
  A hound zombie (D:3)
  A gnoll (D:2)
  7 adders
  An adder zombie (D:3)
  2 worms
  7 dart slugs
  2 orcs
  6 bats
  4 endoplasms
  5 giant cockroaches
  6 goblins
  7 hobgoblins
  4 jackals (D:5)
  10 kobolds
  6 quokkas
  5 ball pythons
  7 frilled lizards
  A giant cockroach zombie (D:3)
  4 rats
98 creatures vanquished.

Notes
Turn   | Place    | Note
-------+----------+-------------------------------------------
     0 | D:1      | qw the Deep Elf Hunter began the quest for the Orb.
     0 | D:1      | Reached XP level 1. HP: 12/12 MP: 3/3
     0 | D:1      | 0 ||| qw: Version: 0.3-a-22-g0ed2b0b
     0 | D:1      | 0 ||| qw: Game counter: 5876
     0 | D:1      | 0 ||| qw: Melee chars always use a shield: true
     0 | D:1      | 0 ||| qw: God list: Okawaru
     0 | D:1      | 0 ||| qw: Allow faded altars: false
     0 | D:1      | 0 ||| qw: Do Orc after clearing Dungeon:15 true
     0 | D:1      | 0 ||| qw: Do second Lair branch before Depths: true
     0 | D:1      | 0 ||| qw: Lair rune preference: random
     0 | D:1      | 0 ||| qw: Goals: Normal
     0 | D:1      | 0 ||| PLANNING D:1-11
     2 | D:1      | 2 ||| DROPPING scroll of butterflies.
    83 | D:1      | Reached XP level 2. HP: 16/16 MP: 4/4
    84 | D:1      | Reached skill level 6 in Ranged Weapons
   104 | D:1      | Found Gehagg's Antique Armour Emporium.
   117 | D:1      | 117 ||| SHOPLISTING cloak (126 gold, have 17).
   117 | D:1      | 117 ||| SHOPLISTING pair of gloves (126 gold, have 17).
   117 | D:1      | 117 ||| SHOPLISTING ring mail (112 gold, have 17).
   485 | D:1      | 485 ||| UPGRADING to +4 ring of slaying {mikee}.
   486 | D:1      | 486 ||| READING scroll labelled RONTAU KISU MAM.
   487 | D:1      | 487 ||| READING scroll labelled TUEVER MYMEWN.
   488 | D:1      | 488 ||| READING 2 scrolls labelled UQOKASUVYRCH.
   641 | D:2      | Found Meggacw's Distillery.
   647 | D:2      | 647 ||| SHOPLISTING 2 potions of mutation (160 gold, have
                  | 46).
   647 | D:2      | 647 ||| BUYING potion of curing (30 gold).
   647 | D:2      | Bought a potion of curing for 30 gold pieces
   647 | D:2      | 647 ||| SHOPLISTING potion of curing (30 gold, have 16).
   647 | D:2      | 647 ||| SHOPLISTING potion of heal wounds (50 gold, have
                  | 16).
   647 | D:2      | 647 ||| SHOPLISTING potion of might (40 gold, have 16).
   669 | D:2      | Reached XP level 3. HP: 20/20 MP: 5/5
   858 | D:2      | Reached skill level 7 in Ranged Weapons
  1163 | D:2      | 1163 ||| UPGRADING to +0 ring mail.
  1173 | D:2      | 1173 ||| DROPPING +0 leather armour.
  1174 | D:2      | 1174 ||| READING 2 scrolls labelled GAPSOU ESSEQO.
  1175 | D:2      | 1175 ||| DROPPING scroll of fog.
  1322 | D:3      | Found a faded altar of an unknown god.
  1413 | D:3      | Reached XP level 4. HP: 25/25 MP: 6/6
  1433 | D:3      | Found a basalt altar of Yredelemnul.
  1679 | D:3      | Reached skill level 8 in Ranged Weapons
  1767 | D:3      | Reached XP level 5. HP: 16/29 MP: 7/7
  1955 | D:3      | 1955 ||| READING scroll labelled UVAEPNYOSA.
  1956 | D:3      | 1956 ||| READING scroll labelled PIRIFI LOUNU.
  1957 | D:3      | 1957 ||| DRINKING 2 metallic orange potions.
  2030 | D:4      | 2030 ||| STAIRDANCE
  2034 | D:4      | 2034 ||| STAIRDANCE
  2038 | D:4      | 2038 ||| STAIRDANCE
  2042 | D:4      | 2042 ||| STAIRDANCE
  2046 | D:4      | 2046 ||| STAIRDANCE
  2050 | D:4      | 2050 ||| STAIRDANCE
  2054 | D:4      | 2054 ||| STAIRDANCE
  2058 | D:4      | 2058 ||| STAIRDANCE
  2062 | D:4      | 2062 ||| STAIRDANCE
  2066 | D:4      | 2066 ||| STAIRDANCE
  2070 | D:4      | 2070 ||| STAIRDANCE
  2074 | D:4      | 2074 ||| STAIRDANCE
  2078 | D:4      | 2078 ||| STAIRDANCE
  2082 | D:4      | 2082 ||| STAIRDANCE
  2086 | D:4      | 2086 ||| STAIRDANCE
  2090 | D:4      | 2090 ||| STAIRDANCE
  2094 | D:4      | 2094 ||| STAIRDANCE
  2098 | D:4      | 2098 ||| STAIRDANCE
  2102 | D:4      | 2102 ||| STAIRDANCE
  2106 | D:4      | 2106 ||| STAIRDANCE
  2298 | D:3      | 2298 ||| Stepping randomly (stuck).
  2346 | D:3      | Found a radiant altar of Vehumet.
  2347 | D:3      | 2347 ||| Stepping randomly (stuck).
  2440 | D:4      | Reached skill level 9 in Ranged Weapons
  2614 | D:4      | Found a sparkling altar of Nemelex Xobeh.
  2614 | D:4      | Found an opulent altar of Gozag.
  2798 | D:4      | Found a broken altar of Ashenzari.
  2870 | D:5      | Entered Level 5 of the Dungeon
  2871 | D:5      | Noticed a black bear
  2875 | D:5      | Killed a black bear
  2876 | D:5      | Reached XP level 6. HP: 36/36 MP: 8/8
  2991 | D:5      | Found Jaycamm's Specific Store.
  2993 | D:5      | Found Kavibrob's General Store.
  3003 | D:5      | 3003 ||| BUYING potion of curing (33 gold).
  3003 | D:5      | Bought a potion of curing for 33 gold pieces
  3003 | D:5      | 3003 ||| BUYING potion of haste (110 gold).
  3003 | D:5      | Bought a potion of haste for 110 gold pieces
  3003 | D:5      | 3003 ||| SHOPLISTING scroll of identify (22 gold, have 19).
  3172 | D:5      | Noticed an ice beast
  3180 | D:5      | Killed an ice beast
  3248 | D:5      | Reached skill level 10 in Ranged Weapons
  3576 | D:5      | 3576 ||| UPGRADING to +0 cloak.
  3581 | D:5      | 3581 ||| UPGRADING to amulet of guardian spirit.
  3586 | D:5      | 3586 ||| DRINKING 2 yellow potions.
  3587 | D:5      | 3587 ||| READING 4 scrolls of identify.
  3587 | D:5      | 3587 ||| IDENTIFYING fuming pink potion
  3588 | D:5      | 3588 ||| READING 3 scrolls of identify.
  3588 | D:5      | 3588 ||| IDENTIFYING grey potion
  3589 | D:5      | 3589 ||| READING 2 scrolls of identify.
  3589 | D:5      | 3589 ||| IDENTIFYING fuming sapphire potion
  3590 | D:5      | 3590 ||| DROPPING potion of degeneration.
  3671 | D:6      | 3671 ||| Stepping ~*~*~tactically~*~*~ (outnumbered).
  3688 | D:6      | Reached skill level 1 in Armour
  3688 | D:6      | Reached XP level 7. HP: 32/40 MP: 9/9
  3891 | D:6      | Noticed Duvessa
  3891 | D:6      | Noticed Dowan
  3900 | D:6      | Killed Duvessa
  3901 | D:6      | Reached skill level 11 in Ranged Weapons
  3905 | D:6      | Killed Dowan
  4106 | D:6      | HP: 10/40 [centaur/arrow (3)]
  4106 | D:6      | HP: 4/40 [centaur/arrow (6)]
  4107 | D:6      | 4107 ||| READING 2 scrolls of teleportation.
  4107 | D:6      | Shot with an arrow by a centaur

Levels and vault maps discovered:
D:1:      scummos_arrival_star, layout_loops_cross, serial_shops, shop
D:2:      minmay_chambers_of_ones, layout_loops_ring, serial_shops,
          nicolae_shop_industrial_runoff
D:3:      minmay_diamond_boxcup, layout_loops_ring,
          nicolae_overflow_ecumenical_swirl, nicolae_yredelemnul_corpse_copse
D:4:      nicolae_cairo_tiling, layout_rooms, grunt_temple_overflow_opulence,
          mainiacjoe_overflow_alcove_1, serial_bayou, serial_bayou_pond_e,
          serial_bayou_shore_a, serial_bayou_pond_b, serial_bayou_shore_b
D:5:      layout_loops_ring, chequers_decorated_corner, nicolae_specific_store
D:6:      layout_loops_ring, nicolae_dithmenos_through_a_glass_darkly,
          minmay_temple_entry_mist, kennysheep_diamond, uniq_duvessa

Skill      XL: |  1  2  3  4  5  6  7 |
---------------+----------------------+-----
Ranged Weapons | 6 7 8 9 10 11 | 11.9
Fighting       | 2 |  2.8
Armour         | 1 |  1.5
Dodging        | |  2.4
Stealth        | |  1.2

Action                     |  1- 3 |  4- 6 |  7- 9 || total
---------------------------+-------+-------+-------++-------
   Fire: Shortbow          |    88 |   169 |    41 ||   298
    Use: Scroll            |     4 |     5 |     1 ||    10
         Potion            |       |     2 |       ||     2
 Armour: Leather armour    |     4 |       |       ||     4
         Ring mail         |       |    32 |     3 ||    35
  Dodge: Dodged            |     5 |    50 |    15 ||    70

Table legend:
 A = Non-vault XP
 B = Vault XP
 C = Vault XP percentage of total XP
 D = Non-vault monster count
 E = Vault monster count
 F = Vault count percentage of total count
                 A         B        C        D         E       F
            +---------+---------+-------+---------+---------+-------
      Total |     855 |     489 |  36.4 |      76 |      22 |  22.4
            +---------+---------+-------+---------+---------+-------
        D:1 |      34 |       0 |   0.0 |      21 |       0 |   0.0
        D:2 |      33 |      22 |  40.0 |       8 |       5 |  38.5
        D:3 |      43 |      78 |  64.5 |      15 |      11 |  42.3
        D:4 |      91 |       3 |   3.2 |      12 |       2 |  14.3
        D:5 |     363 |       0 |   0.0 |       9 |       0 |   0.0
        D:6 |     291 |     386 |  57.0 |      11 |       4 |  26.7
            +---------+---------+-------+---------+---------+-------
